 Dungeon Crawl Stone Soup version 0.22-a0-776-ge6d7efa (webtiles) character file.

3793 Amnesiac the Thaumaturge (level 9, -2/57 HPs)
             Began as a Demonspawn Earth Elementalist on July 18, 2018.
             Slain by an ogre
             ... wielding a +0 giant spiked club
              (26 damage)
             ... on level 8 of the Dungeon.
             The game lasted 00:12:37 (7973 turns).

Amnesiac the Thaumaturge (DsEE)                     Turns: 7973, Time: 00:12:38

Health: -2/57      AC:  4    Str:  9    XL:     9   Next: 96%
Magic:  16/23      EV: 13    Int: 20    God:
Gold:   82         SH:  0    Dex: 16    Spells: 16/28 levels left

rFire    . . .     SeeInvis .   C - +4 arbalest of Imminent Death {venom, rN+ Dex+3}
rCold    . . .     Gourm    .   (shield currently unavailable)
rNeg     + . .     Faith    .   b - +1 robe {Archmagi}
rPois    .         Spirit   .   (helmet restricted)
rElec    .         Reflect  .   n - +0 cloak
rCorr    .         Harm     .   (no gloves)
MR       .....                  (no boots)
Stlth    ++........             (no amulet)
HPRegen  0.19/turn              (no ring)
MPRegen  0.18/turn              (no ring)

@: no status effects
A: antennae 2, demonic guardian 2
a: no special abilities


You were on level 8 of the Dungeon.
You were hungry.

You visited 2 branches of the dungeon, and saw 9 of its levels.

You collected 357 gold pieces.
You spent 275 gold pieces at shops.

Inventory:

Hand Weapons
 a - a +0 dagger of venom
 p - a +0 rapier of draining
 C - the +4 arbalest of Imminent Death (weapon) {venom, rN+ Dex+3}
   (You bought it in a shop on level 5 of the Dungeon)

   It poisons the ammo it fires.
   It affects your dexterity (+3).
   It protects you from negative energy.
Missiles
 y - 102 stones
 D - 33 bolts (quivered)
Armour
 b - a +1 robe of the Archmagi (worn)
 n - a +0 cloak (worn)
 v - a +0 leather armour of magic resistance
 B - a +3 leather armour
Jewellery
 z - an uncursed amulet of harm {unknown}
Wands
 c - a wand of acid (7)
 o - a wand of polymorph (30)
 w - a wand of digging (6)
 x - a wand of disintegration (13)
 E - a wand of paralysis (8)
 F - a wand of flame (27)
 K - a wand of random effects (36)
Scrolls
 e - 8 scrolls of identify {!r, unknown}
 g - 4 scrolls of blinking {!r, unknown}
 i - 2 scrolls of random uselessness {!r, unknown}
 k - 2 scrolls of enchant weapon {!r, unknown}
 m - 3 scrolls of teleportation {!r, unknown}
 q - 3 scrolls of magic mapping {!r, unknown}
 s - a scroll of enchant armour {!r, unknown}
 t - a scroll of amnesia {!r, unknown}
 A - 4 scrolls of remove curse {!r, unknown}
 G - 2 scrolls of fear {!r, unknown}
 I - a scroll of fog {!r, unknown}
 J - a scroll of immolation {!r, unknown}
Potions
 f - 2 potions of might {!q, unknown}
 h - 4 potions of haste {!q, unknown}
 j - 3 potions of lignification {!q, unknown}
 l - 2 potions of brilliance {!q, unknown}
 r - 3 potions of flight {!q, unknown}
 u - 6 potions of curing {!q, unknown}
 H - a potion of cancellation {!q, unknown}
Comestibles
 d - 18 rations
 L - 2 chunks of flesh


   Skills:
 - Level 2.0 Short Blades
 - Level 2.8 Dodging
 - Level 2.0 Stealth
 + Level 10.2 Spellcasting
 - Level 1.1 Transmutations
 - Level 8.2 Earth Magic


You had 16 spell levels left.
You knew the following spells:

 Your Spells              Type           Power        Failure   Level  Hunger
a - Sandblast             Erth           ######       1%          1    None
b - Passwall              Tmut/Erth      #####...     1%          2    None
d - Lee's Rapid Deconstr  Erth           ######....   6%          5    ####...
e - Petrify               Tmut/Erth      #####...     10%         4    ##.....

Your spell library contained the following spells:

 Spells                   Type           Power        Failure   Level  Hunger
 Magic Dart               Conj           ###.         7%          1    None
 Iskenderun's Mystic Bla  Conj           ###.....     56%         4    ##.....
 Animate Dead             Necr           N/A          56%         4    ##.....
 Pain                     Necr           ###.         7%          1    None
 Animate Skeleton         Necr           N/A          7%          1    None
 Vampiric Draining        Necr           ###.......   21%         3    None
 Regeneration             Chrm/Necr      ###.......   21%         3    None
 Stone Arrow              Conj/Erth      #####.       3%          3    None
 Fulminant Prism          Conj/Hex       ###.......   56%         4    ##.....
 Dazzling Spray           Conj/Hex       ###...       21%         3    None
 Force Lance              Conj/Tloc      ###.....     56%         4    ##.....
 Searing Ray              Conj           ###...       11%         2    None


Dungeon Overview and Level Annotations

Branches:
Dungeon (8/15)             Temple (1/1) D:7
   Lair: D:8-11

Altars:
Ashenzari
Cheibriados
Dithmenos
Fedhas
Hepliaklqana
Kikubaaqudgha
Makhleb
Nemelex Xobeh
Okawaru
Qazlal
Ru
Sif Muna
Trog
Uskayaw
Vehumet
Wu Jian
Xom
Yredelemnul
Zin
The Shining One

Shops:
D:5 (


Innate Abilities, Weirdness & Mutations

You have a pair of antennae on your head.
A demonic guardian rushes to your aid.


Message History

Casting: Sandblast (safe; 1% risk of failure)
Confirm with . or Enter, or press ? or * to list all spells.
You can't see any susceptible monsters within range! (Use Z to cast anyway.)
A hound comes into view.
The hound moves out of view.
Things that are here:
a giant club; an ogre corpse An ice beast comes into view.
You see here a whip.
Casting: Sandblast (safe; 1% risk of failure)
Confirm with . or Enter, or press ? or * to list all spells.
Aiming: Sandblast (safe; 1% risk of failure)
Press: ? - help, Shift-Dir - straight line, f - adder skeleton
Aim: an adder skeleton You feel a surge of power!
The blast of sand hits the adder skeleton.
You destroy the adder skeleton!
y - 106 stones
Casting: Sandblast (safe; 1% risk of failure)
Confirm with . or Enter, or press ? or * to list all spells.
Aiming: Sandblast (safe; 1% risk of failure)
Press: ? - help, Shift-Dir - straight line, f - hound
Aim: a hound (hasn't noticed you)
You feel a surge of power!
The blast of sand misses the hound.
y - 105 stones The hound barks!
You hear a screech!
A quokka comes into view.
A hippogriff comes into view.
Casting: Sandblast (safe; 1% risk of failure)
Confirm with . or Enter, or press ? or * to list all spells.
Aiming: Sandblast (safe; 1% risk of failure)
Press: ? - help, Shift-Dir - straight line, f/p - hound
Aim: a hound You feel a surge of power!
The blast of sand hits the hound.
You kill the hound!
y - 104 stones The hippogriff screeches!
The ice beast hits you. The ice beast freezes you.
Things that are here:
a giant club; an ogre corpse An ogre comes into view.
It is wielding a giant spiked club.
The ogre shouts!
The ice beast hits you. The ice beast freezes you!
* * * LOW HITPOINT WARNING * * *
Casting: Sandblast (safe; 1% risk of failure)
Confirm with . or Enter, or press ? or * to list all spells.
Aiming: Sandblast (safe; 1% risk of failure)
Press: ? - help, Shift-Dir - straight line, f - ice beast
Aim: an ice beast You feel a surge of power!
The blast of sand hits the ice beast.
The ice beast is moderately wounded.
y - 103 stones The ice beast hits you but does no damage.
A centaur skeleton comes into view.
You see here 12 gold pieces.
Casting: Sandblast (safe; 1% risk of failure)
Confirm with . or Enter, or press ? or * to list all spells.
Aiming: Sandblast (safe; 1% risk of failure)
Press: ? - help, Shift-Dir - straight line, f/p - ice beast
Aim: an ice beast (moderately wounded)
You feel a surge of power!
The blast of sand hits the ogre.
The ogre is almost dead.
y - 102 stones The ogre hits you with a giant spiked club!!
You die...

..# #.# #.# #.# #. ..# #Z#
#4# #.# #.#. ..# #.#{# #.#
#.#.#. ..# #r###.# #.#.#.#
..# { #.#H#.# #.#.#.# #.
..# #r###.###.#.#.# #.#
<.# #.# #.#Y#.#.#.# #.# #.
..# #.# #.###O#.#.# #.#
#.# ..# .#.# #.# #.#@#.#
#.# #.# #H ..# #.# #.#
#.#.#.###.# #.# #.#
..##.#.#.# #.#.#.#.#.# #.#
#W# ..#$#
#.###.#.#.###.###.# #.#
..##.#.#.#.#.#.#.#.#.#.#
#{# ..# #.###.#.#.#
#.###.###{# . ##
#.#.#.#.#(#.#.#.#)#.#
..#[###.#.#.###.# #.###(#
..##.#.#.#.#.#.#.#.#.#.#.#


You could see a hippogriff, an ice beast, an ogre, a quokka and a centaur
skeleton.

Vanquished Creatures
  A hippogriff (D:8)
  A hornet (D:8)
  Sigmund (D:6)
  Eustachio (D:6)
  Menkaure (D:4)
  A black bear (D:7)
  2 ogres (D:8)
  A phantom (D:8)
  Blork the orc (D:4)
  3 bullfrogs
  4 scorpions
  2 howler monkeys
  2 crimson imps
  A jelly (D:5)
  6 hounds
  2 orc priests (D:7)
  Crazy Yiuf (D:2)
  3 bullfrog skeletons
  5 orc wizards
  Ijyb (D:3)
  Terence (D:2)
  Natasha (thrice) (D:3)
  An iguana (D:6)
  5 worker ants
  A worker ant zombie (D:8)
  Robin (D:3)
  4 gnolls (D:6)
  6 adders
  A shadow imp (D:8)
  An adder skeleton (D:8)
  3 worms
  4 dart slugs
  6 leopard geckos
  15 orcs
  5 giant cockroaches
  10 goblins (D:3)
  12 hobgoblins
  15 jackals
  4 quokkas
  A ball python (D:5)
  5 bats
  A frilled lizard (D:2)
  A leopard gecko skeleton (D:4)
  A quokka skeleton (D:4)
  3 rats
150 creatures vanquished.

Vanquished Creatures (collateral kills)
  A two-headed ogre (D:8)
  Grinder (D:5)
  A hippogriff (D:8)
  2 hungry ghosts (D:8)
  Duvessa (D:6)
  3 orc warriors
  A phantom (D:8)
  A gnoll sergeant (D:6)
  2 bullfrogs
  Dowan (D:6)
  A jelly (Temple)
  2 orc wizards
  3 orcs
  A jackal (D:5)
21 creatures vanquished.

Grand Total: 171 creatures vanquished

Notes
Turn   | Place    | Note
-------+----------+-------------------------------------------
     0 | D:1      | Amnesiac the Demonspawn Earth Elementalist began the quest for the Orb.
     0 | D:1      | Reached XP level 1. HP: 13/13 MP: 3/3
   285 | D:3      | Noticed Natasha
   473 | D:2      | Gained mutation: A weak demonic guardian rushes to your aid. [demonic ancestry]
   473 | D:2      | Reached XP level 2. HP: 16/19 MP: 0/5
   530 | D:3      | Killed Natasha
   530 | D:3      | Gained mutation: You have a pair of small antennae on your head. [demonic ancestry]
   530 | D:3      | Reached XP level 3. HP: 24/24 MP: 3/6
   534 | D:3      | Learned a level 2 spell: Passwall
   740 | D:4      | Noticed Menkaure
   749 | D:4      | Killed Menkaure
   749 | D:4      | Gained mutation: A demonic guardian rushes to your aid. [demonic ancestry]
   749 | D:4      | Reached XP level 4. HP: 30/30 MP: 1/8
   749 | D:4      | Reached XP level 5. HP: 35/35 MP: 1/9
   750 | D:4      | Reached skill level 3 in Spellcasting
  1126 | D:4      | Found a basalt altar of Yredelemnul.
  1591 | D:4      | Noticed Blork the orc
  1662 | D:4      | Killed Blork the orc
  1662 | D:4      | Reached skill level 1 in Transmutations
  1662 | D:4      | Reached XP level 6. HP: 16/41 MP: 3/11
  1905 | D:5      | Entered Level 5 of the Dungeon
  1905 | D:5      | Found Giny's Antique Weapon Emporium.
  1964 | D:5      | Reached skill level 5 in Earth Magic
  2107 | D:5      | Noticed Grinder
  2128 | D:5      | Killed Grinder
  2128 | D:5      | Reached skill level 1 in Short Blades
  2254 | D:5      | Found a bloodstained altar of Trog.
  2268 | D:5      | Reached XP level 7. HP: 46/46 MP: 8/12
  2318 | D:5      | Found a hide-covered altar of Uskayaw.
  2330 | D:5      | Reached skill level 4 in Spellcasting
  2378 | D:5      | Learned a level 5 spell: Lee's Rapid Deconstruction
  2383 | D:5      | Learned a level 4 spell: Petrify
  2674 | D:5      | Found a sacrificial altar of Ru.
  3442 | D:6      | Gained mutation: You have a pair of antennae on your head. [demonic ancestry]
  3442 | D:6      | Reached XP level 8. HP: 48/52 MP: 15/15
  3644 | D:6      | Reached skill level 5 in Spellcasting
  4005 | D:6      | Found a hazy altar of Hepliaklqana.
  4069 | D:6      | Noticed Eustachio
  4091 | D:6      | Killed Eustachio
  4115 | D:6      | Noticed Dowan
  4124 | D:6      | Noticed Duvessa
  4133 | D:6      | Killed Duvessa
  4138 | D:6      | Killed Dowan
  4369 | D:6      | Noticed Sigmund
  4380 | D:6      | Killed Sigmund
  4509 | D:6      | Found a glowing silver altar of Zin.
  4509 | D:6      | Found a burning altar of Makhleb.
  4511 | D:6      | Found a blossoming altar of Fedhas.
  4511 | D:6      | Found a shimmering altar of Xom.
  4511 | D:6      | Found an iron altar of Okawaru.
  4562 | D:7      | Found a blossoming altar of Fedhas.
  4617 | D:7      | Found an ancient bone altar of Kikubaaqudgha.
  4653 | D:7      | Reached skill level 6 in Spellcasting
  4997 | D:7      | Found a hazy altar of Hepliaklqana.
  5157 | D:7      | Found a staircase to the Ecumenical Temple.
  5166 | Temple   | Entered the Ecumenical Temple
  5168 | Temple   | Reached XP level 9. HP: 29/57 MP: 19/19
  5338 | D:7      | Reached skill level 7 in Spellcasting
  5719 | D:2      | Noticed Terence
  5796 | D:2      | Killed Terence
  5897 | D:5      | Bought a slimy arbalest for 275 gold pieces
  5897 | D:5      | Identified the +4 arbalest of Imminent Death {venom, rN+ Dex+3} (You bought it in a shop on level 5 of the Dungeon)
  6030 | D:3      | Paralysed by an orc for 6 turns
  6205 | D:3      | Noticed Natasha
  6207 | D:3      | Killed Natasha
  6312 | D:3      | Noticed Robin
  6314 | D:3      | Noticed Ijyb
  6324 | D:3      | Killed Ijyb
  6328 | D:3      | Noticed Natasha
  6329 | D:3      | Killed Robin
  6331 | D:3      | Killed Natasha
  6913 | D:2      | Found a snail-covered altar of Cheibriados.
  7022 | D:2      | Found a runed door.
  7269 | D:2      | Noticed Crazy Yiuf
  7270 | D:2      | Killed Crazy Yiuf
  7553 | D:8      | Reached skill level 8 in Spellcasting
  7895 | D:8      | Reached skill level 9 in Spellcasting
  7937 | D:8      | Noticed a two-headed ogre
  7945 | D:8      | Killed a two-headed ogre
  7945 | D:8      | Reached skill level 10 in Spellcasting
  7973 | D:8      | Slain by an ogre

Vault maps used:
D:1:      nicolae_arrival_memento_mori
D:2:      cheibriados_altar_1, uniq_terence, uniq_crazy_yiuf_cottage
D:3:      minmay_goblin_kobold_house, uniq_robin, uniq_natasha, uniq_ijyb
D:4:      kennysheep_mini, uniq_blork_the_orc, uniq_menkaure
D:5:      nicolae_ru_awakened_eye, lemuel_doored_altar, first_ration,
          serial_shops, shop, trog_three_pillars_becter, uniq_grinder
D:6:      doesnt_xom_only_xom, minmay_fountain_box, uniq_eustachio,
          uniq_duvessa, uniq_sigmund
D:7:      lemuel_round_altar, old_standard_altar,
          minmay_temple_entry_junction_2, basic_altar
D:8:      minmay_imperfect_grid, lemuel_coloured_pillars_altar
Temple:   nicolae_temple_god_jail

Skill      XL: |  1  2  3  4  5  6  7  8  9 |
---------------+----------------------------+-----
Dodging        | 2 |  2.8
Stealth        | 2 |  2.0
Earth Magic    | 3 4 5 6 8 |  8.2
Spellcasting   | 3 4 6 10 | 10.2
Transmutations | 1 |  1.1
Short Blades   | 1 2 |  2.0

Action                   |  1- 3 |  4- 6 |  7- 9 || total
-------------------------+-------+-------+-------++-------
Melee: Dagger            |       |    23 |   201 ||   224
       Unarmed           |       |     5 |       ||     5
 Fire: Arbalest          |       |       |    99 ||    99
 Cast: Sandblast         |    20 |    45 |    64 ||   129
       Passwall          |     1 |     3 |     7 ||    11
       Petrify           |       |       |     4 ||     4
 Stab: Sleeping          |       |     1 |     6 ||     7
       Petrified         |       |       |     7 ||     7
  Eat: Chunk             |       |     5 |    19 ||    24
Armor: Robe              |       |     3 |    63 ||    66
Dodge: Dodged            |     7 |    41 |   214 ||   262

Table legend:
 A = Spawn XP
 B = Non-spawn XP
 C = Spawn XP percentage of total XP
 D = Spawn monster count
 E = Non-spawn monster count
 F = Spawn count percentage of total count
 G = Total turns spent on level
                    A         B        C        D         E        F      G
               +---------+---------+-------+---------+---------+-------+---------
         Total |       0 |    5419 |   0.0 |       0 |     171 |   0.0 |  7973
               +---------+---------+-------+---------+---------+-------+---------
           D:1 |       0 |       4 |   0.0 |       0 |       1 |   0.0 |   210
           D:2 |       0 |     129 |   0.0 |       0 |      18 |   0.0 |  1039
           D:3 |       0 |     400 |   0.0 |       0 |      39 |   0.0 |  1307
           D:4 |       0 |     371 |   0.0 |       0 |      17 |   0.0 |  1192
           D:5 |       0 |     745 |   0.0 |       0 |      27 |   0.0 |  1146
           D:6 |       0 |    1127 |   0.0 |       0 |      31 |   0.0 |  1641
           D:7 |       0 |     607 |   0.0 |       0 |      15 |   0.0 |   938
           D:8 |       0 |    1969 |   0.0 |       0 |      21 |   0.0 |   447
        Temple |       0 |      67 |   0.0 |       0 |       2 |   0.0 |    53
               +---------+---------+-------+---------+---------+-------+---------
